[Event "Late-Titled-Tuesday-Blitz-March-12-2024"]
[Site "Chess.com"]
[Date "2024.03.12"]
[Round "9"]
[White "Quattroporte300"]
[Black "LornerAcosta"]
[Result "0-1"]
[WhiteElo "2490"]
[BlackElo "2621"]
[TimeControl "180+1"]
[EndTime "15:42:26 PDT"]
[Termination "LornerAcosta won by resignation"]

1. e4 c5 2. Nc3 Nc6 3. Bb5 Nd4 4. Bc4 e6 5. Nge2 Ne7 6. O-O Nec6 7. a4 Be7 8. d3 O-O 9. f4 d6 10. Nxd4 Nxd4 11. Ne2 Nc6 12. Qe1 Bf6 13. c3 Rb8 14.
Be3 a6 15. h3 d5 16. Bb3 d4 17. cxd4 Nxd4 18. Nxd4 Bxd4 19. Qf2 Bxe3 20. Qxe3 Qb6 21.
Ra3 Bd7 22. Rc1 Rbc8 23. a5 Qd6 24. Bc4 Qc7 25. Qd2 Rfd8 26. Qc3 Qxf4 27. Qe1 Bc6 28.
b3 Rd7 29. Ra2 h6 30. Rf2 Qg5 31. Kh2 Rcd8 32. Rcc2 Bb5 33. Bxb5 axb5 34. Qc3 Rxd3 35. Qxc5 Qg3+ 36. Kg1 Rd1+ 37. Rf1 Rxf1+ 38. Kxf1 Rd1+ 39. Ke2 Qe1+ 40. Kf3 Rd3+ 41. Kg4 Qg3+ 42. Kh5 g6+ 0-1

[Event "Late-Titled-Tuesday-Blitz-March-12-2024"]
[Site "Chess.com"]
[Date "2024.03.12"]
[Round "9"]
[White "Anton_Demchenko"]
[Black "jefferyx"]
[Result "0-1"]
[WhiteElo "2965"]
[BlackElo "3098"]
[TimeControl "180+1"]
[EndTime "15:42:28 PDT"]
[Termination "jefferyx won by checkmate"]

1. e4 e6 2. d3 c5 3. Nd2 Nc6 4.
g3 g6 5. Bg2 Bg7 6. Ngf3 Nge7 7. O-O O-O 8. c3 b5 9. a3 a5 10. Re1 d6 11. Nf1 Bb7 12. h4 b4 13. axb4 axb4 14.
Rxa8 Qxa8 15. Bd2 Qa2 16. Qc1 Ba6 17. Bh6 Bxd3 18. Bxg7 Kxg7 19. h5 e5 20. h6+ Kg8 21. N1h2 bxc3 22. bxc3 f5 23. exf5 Nxf5 24. Ng5 Nce7 25.
Ng4 Kh8 26. Qa1 Qd2 27. Nf3 Qc2 28. Rc1 Qb3 29. Qa7 Be4 30. Ng5 Bxg2 31. Kxg2 Qd5+ 32. Kh2 Qd2 33. Ne6 Nxh6 34. Nxh6 Rxf2+ 35. Kh3 Qxh6+ 36.
Kg4 Qh5# 0-1

[Event "Late-Titled-Tuesday-Blitz-March-12-2024"]
[Site "Chess.com"]
[Date "2024.03.12"]
[Round "9"]
[White "vi_pranav"]
[Black "ChristopherYoo"]
[Result "1-0"]
[WhiteElo "3056"]
[BlackElo "3002"]
[TimeControl "180+1"]
[EndTime "15:42:28 PDT"]
[Termination "vi_pranav won by resignation"]

1. e4 c5 2. Nf3 e6 3. b3 b6 4.
Bb2 Bb7 5. Nc3 a6 6. d4 cxd4 7. Nxd4 Qc7 8. Qd2 Nf6 9. f3 b5 10. O-O-O Bb4 11. Kb1 Nc6 12. Nxc6 Qxc6 13. Qd4 Bc5 14.
Qd3 b4 15. Na4 Be7 16. g4 d5 17. exd5 Qxd5 18. Nb6 Qxf3 19. Nxa8 Qxh1 20. Bxf6 gxf6 21. Qd7+ Kf8 22. Bxa6 Qxd1+ 23. Qxd1 Bxa8 24. Qd7 f5 25. gxf5 Rg8 26. Qa7 Bd5 27. fxe6 fxe6 28. Bc4 Bxc4 29. bxc4 Rg4 30. c5 Rc4 31. c6 Bd6 32. Qd7 Bxh2 33.
Qxe6 Rc3 34. a3 Rxa3 35. c7 Bxc7 36. Qc8+ Kg7 37. Qxc7+ Kg6 38. Qb6+ Kg5 39. Qc5+ Kg6 40. Qxb4 Rh3 41. Qg4+ 1-0

[Event "Late-Titled-Tuesday-Blitz-March-12-2024"]
[Site "Chess.com"]
[Date "2024.03.12"]
[Round "9"]
[White "Kostukov_Alex"]
[Black "cthake"]
[Result "1/2-1/2"]
[WhiteElo "2276"]
[BlackElo "1747"]
[TimeControl "180+1"]
[EndTime "15:42:28 PDT"]
[Termination "Game drawn by repetition"]

1. e4 c5 2. Nf3 Nc6 3. d4 cxd4 4. Nxd4 Nf6 5. Nc3 e5 6. Nb3 Bb4 7. Bd3 d5 8. exd5 Nxd5 9. O-O Nxc3 10. bxc3 Bxc3 11. Ba3 Bxa1 12. Qxa1 Be6 13. Nc5 Qc8 14. Ne4 Qd7 15. Qb2 O-O-O 16. Nc5 Qc7 17. Rb1 Na5 18.
Nxe6 fxe6 19. h3 Nc6 20. Bc5 Rd7 21. a4 a6 22. Bb6 Qd6 23. a5 Rf8 24. Qc3 Rff7 25.
Be4 Kb8 26. Kh2 g5 27. Rb3 h5 28. Qc4 g4 29. Rd3 Qe7 30. Bxc6 Rxd3 31. cxd3 bxc6 32.
Qxc6 Rf8 33. Bc5 Qd8 34. Bxf8 Qxf8 35. Qxe6 Qf4+ 36. Kg1 Qc1+ 37. Kh2 Qf4+ 38. Kg1 Qc1+ 39.
Kh2 Qf4+ 1/2-1/2

[Event "Late-Titled-Tuesday-Blitz-March-12-2024"]
[Site "Chess.com"]
[Date "2024.03.12"]
[Round "9"]
[White "Alex_Banzea"]
[Black "Defenstrator"]
[Result "1-0"]
[WhiteElo "2640"]
[BlackElo "2422"]
[TimeControl "180+1"]
[EndTime "15:42:29 PDT"]
[Termination "Alex_Banzea won by resignation"]

1. d4 f5 2. Bf4 d6 3. e3 Nc6 4. Nf3 Nf6 5. Be2 g6 6. h3 Bg7 7. O-O O-O 8. Bh2 e5 9. c4 Qe7 10. Nc3 h6 11. Qc2 g5 12. dxe5 dxe5 13. Nd5 Nxd5 14.
cxd5 Nd8 15. Rac1 c6 16. Bc4 Kh8 17. Rfd1 g4 18. hxg4 fxg4 19. Nd2 Bf5 20. Bd3 Bxd3 21. Qxd3 cxd5 22. Qxd5 Nf7 23. Ne4 Ng5 24. Nxg5 Qxg5 25.
Qxb7 Rab8 26. Qe4 Rxb2 27. Bg3 h5 28. Rc7 Rf5 29. Rdd7 h4 30. Rxg7 hxg3 31. Rxg5 gxf2+ 32. Kf1 1-0

[Event "Late-Titled-Tuesday-Blitz-March-12-2024"]
[Site "Chess.com"]
[Date "2024.03.12"]
[Round "9"]
[White "Veleamater"]
[Black "Divljasvinja14"]
[Result "1-0"]
[WhiteElo "2334"]
[BlackElo "2468"]
[TimeControl "180+1"]
[EndTime "15:42:31 PDT"]
[Termination "Veleamater won on time"]

1. Nf3 Nf6 2. g3 g6 3. Bg2 Bg7 4. O-O d5 5. d3 O-O 6. c4 c6 7.
Nc3 b6 8. e4 Bb7 9. cxd5 cxd5 10.
e5 Ne8 11. d4 f6 12. Bf4 Nc6 13. Re1 g5 14. exf6 exf6 15. Be3 Ne7 16. Qb3 Nd6 17.
Rad1 Rc8 18. Nxg5 fxg5 19. Bxg5 Bf6 20. Bh6 Nc4 21. Bxf8 Kxf8 22. Re6 Rc6 23. Rde1 Rxe6 24. Rxe6 Kf7 25. Re2 Bxd4 26. Qc2 Kg7 27. Qd3 Bf6 28. b3 Ne5 29. Qd2 N5g6 30. h4 h5 31. Bf3 Qc7 32. Nd1 Ba6 33. Re6 Qd7 34. Qe1 Bc8 35. Re2 Qf5 36.
Bg2 Ne5 37. Ne3 Nf3+ 38. Bxf3 Qxf3 39. Ng2 Bh3 40. Rxe7+ 1-0

[Event "Late-Titled-Tuesday-Blitz-March-12-2024"]
[Site "Chess.com"]
[Date "2024.03.12"]
[Round "9"]
[White "ameetghasi100"]
[Black "YoreDea"]
[Result "1-0"]
[WhiteElo "2794"]
[BlackElo "2592"]
[TimeControl "180+1"]
[EndTime "15:42:34 PDT"]
[Termination "ameetghasi100 won on time"]

1. b3 d5 2. Bb2 Bf5 3. g3 Nf6 4.
Nf3 e6 5. Bg2 h6 6. O-O c6 7. d3 Nbd7 8. Nbd2 Be7 9. a3 Bh7 10.
e4 dxe4 11. dxe4 O-O 12. Qe2 a5 13. Rfe1 a4 14. b4 Qb6 15. c4 c5 16. b5 Rfd8 17. e5 Ne8 18. Ne4 Nf8 19. Qe3 Rd7 20.
Bf1 Rad8 21. h4 Qc7 22. Nc3 Qa5 23. Ne4 Qc7 24. Rac1 b6 25. Nc3 Qa7 26. Red1 Rd4 27. Qe1 Rxd1 28. Rxd1 Bc2 29. Rxd8 Bxd8 30. Qd2 Qa8 31.
Bg2 Bb3 32. Nd4 Qc8 33. Nc6 Nd7 34. Nxd8 Nxe5 35. Nc6 Nxc4 36. Ne7+ Kf8 37. Nxc8 Nxd2 38. Nxb6 Nd6 39. Nd7+ Ke7 40. Nxc5 N2c4 41. Bc1 Bc2 42. Bf1 Ne5 43. f4 Ng4 44. b6 1-0

[Event "Late-Titled-Tuesday-Blitz-March-12-2024"]
[Site "Chess.com"]
[Date "2024.03.12"]
[Round "9"]
[White "newyorkmouse"]
[Black "GaiozNigalidze"]
[Result "1-0"]
[WhiteElo "2597"]
[BlackElo "2700"]
[TimeControl "180+1"]
[EndTime "15:42:34 PDT"]
[Termination "newyorkmouse won on time"]

1. f4 b5 2. b4 Bb7 3. Bb2 e6 4. e3 Nf6 5. a3 Be7 6. Nf3 a6 7. Bd3 O-O 8. Nc3 c5 9. bxc5 Bxc5 10. Rg1 d5 11. Qe2 Nbd7 12. g4 Ne4 13. g5 Rc8 14. h4 b4 15. axb4 Bxb4 16. Na2 Ba5 17. h5 Ndc5 18. g6 fxg6 19. hxg6 h6 20. Ng5 Bxd2+ 21.
Kd1 Ba5 22. Qh2 Nxd3 23. cxd3 Qd7 24. Nc1 Nc3+ 25. Bxc3 Bxc3 26. Rb1 e5 27. Nf7 Bc6 28. Ke2 d4 29. e4 exf4 30. Qxf4 Bb5 31. Rh1 Rce8 32.
Nb3 Qe7 33. Rxh6 gxh6 34. Qxh6 Rxf7 35. gxf7+ 1-0

[Event "Late-Titled-Tuesday-Blitz-March-12-2024"]
[Site "Chess.com"]
[Date "2024.03.12"]
[Round "9"]
[White "ZachHKL"]
[Black "zano2023"]
[Result "0-1"]
[WhiteElo "2138"]
[BlackElo "2214"]
[TimeControl "180+1"]
[EndTime "15:42:34 PDT"]
[Termination "zano2023 won by checkmate"]

1. c4 d6 2. g3 e5 3. Bg2 Nf6 4. d3 Be7 5. Nc3 O-O 6. Nf3 Nbd7 7.
O-O Re8 8. d4 c6 9. h3 Qc7 10. e4 Nf8 11. Be3 Ng6 12. Rc1 Bd7 13. Kh1 Rad8 14. Qa4 b6 15. Qc2 Qc8 16. Kh2 h5 17. Rcd1 h4 18. Bg5 hxg3+ 19. fxg3 exd4 20. Nxd4 Ng4+ 21. hxg4 Bxg5 22. Nf5 Bxf5 23. Rxf5 Bf6 24. g5 Be5 25. Rdf1 Re7 26. Qe2 Rde8 27. Qh5 Qe6 28. Rh1 Qxc4 29. Rc1 Qd3 30. Qe2 Qxg3+ 31. Kg1 Nf4 32. Qf3 Nxg2 33. Qxg3 Bxg3 34. Kxg2 Be5 35. Rf3 Bxc3 36. Rfxc3 c5 37. Rh1 Rxe4 38. Rch3 Kf8 39.
Rh7 Rg4+ 40. Kf3 Rxg5 41. Rh8+ Ke7 42. Kf4 Re5 43. R8h7 g5+ 44. Kg4 Ke6 45. Rf1 f6 46. Rxa7 Rh8 47. Ra3 Rh4+ 48. Kg3 f5 49. Raf3 f4+ 50.
Kg2 Re2+ 51. Kg1 Rhh2 52. Rd1 Rhg2+ 53. Kf1 Rxb2 54. Re1+ Kf5 55. Rh3 Rbf2# 0-1

[Event "Late-Titled-Tuesday-Blitz-March-12-2024"]
[Site "Chess.com"]
[Date "2024.03.12"]
[Round "9"]
[White "lasRojas"]
[Black "gxbg2000"]
[Result "1-0"]
[WhiteElo "2306"]
[BlackElo "2048"]
[TimeControl "180+1"]
[EndTime "15:42:35 PDT"]
[Termination "lasRojas won by resignation"]

1. e4 e5 2. Nf3 Nc6 3. d4 exd4 4. Nxd4 Nxd4 5. Qxd4 Qf6 6. Qc4 Qc6 7. Nc3 Qxc4 8.
Bxc4 c6 9. e5 b5 10. Bb3 a5 11.
a4 b4 12. Ne4 Ba6 13. Be3 h5 14. O-O-O Nh6 15. Bc5 Nf5 16. Nd6+ Bxd6 17. Bxd6 Nxd6 18. Rxd6 Ke7 19. Rhd1 Rad8 20. R1d4 Rh6 21. Rxh6 gxh6 22. Rf4 Rf8 23. Rf5 Be2 24. f3 h4 25. Rf4 h3 26.
gxh3 f6 27. exf6+ Rxf6 28. Re4+ Kd6 29. Rxe2 Rxf3 30. Rg2 Rxh3 31. Kd2 c5 32. Bc4 Rh4 33.
b3 Kc6 34. Bb5+ Kc7 35. Kd3 d5 36. Ke3 Kd6 37. Kf3 Ke5 38. Re2+ Kd4 39. Rd2+ Kc3 40. Rxd5 Kxc2 41. Bc4 Rxh2 42. Rxc5 Kb2 43. Rxa5 Kc3 44. Re5 h5 45. Kg3 Rh1 46. Re3+ Kd4 47. Rd3+ Kc5 48. Rd5+ Kc6 49. a5 h4+ 50. Kg2 Ra1 51. Kh3 Rh1+ 52. Kg2 Ra1 53. Rh5 Ra2+ 54. Kh3 Kb7 55. Kxh4 Ra1 56. Kg4 Re1 57. Kf4 Ka7 58. Rh7+ Kb8 59. Kf5 Re3 60. Kf6 Re1 61. Re7 Rd1 62. Ke6 Rd4 63. Rd7 Re4+ 64. Kd6 Rh4 65. Kc6 Rh6+ 66. Rd6 Rh7 67. Rd8+ Ka7 68. Rd7+ Ka8 69. Rxh7 1-0

[Event "Late-Titled-Tuesday-Blitz-March-12-2024"]
[Site "Chess.com"]
[Date "2024.03.12"]
[Round "9"]
[White "Malev212"]
[Black "nj123456"]
[Result "1-0"]
[WhiteElo "2619"]
[BlackElo "2469"]
[TimeControl "180+1"]
[EndTime "15:42:37 PDT"]
[Termination "Malev212 won by resignation"]

1. e4 c6 2. d4 d5 3. exd5 cxd5 4.
Bd3 Nc6 5. c3 Nf6 6. Bf4 Bg4 7.
Nf3 e6 8. Nbd2 Bd6 9. Bxd6 Qxd6 10. O-O O-O 11. Re1 Rab8 12. a4 Qc7 13. Qb1 a6 14.
Ne5 Bh5 15. Nb3 Bg6 16. Nxg6 hxg6 17. a5 Nd7 18. Qa2 b5 19. axb6 Rxb6 20. Nc5 a5 21. Bxg6 fxg6 22. Nxe6 Qd6 23. Nxf8 Nxf8 24. Re2 Rb7 25.
Rae1 Rf7 26. g3 Nd8 27. Qxa5 Nde6 28. h4 g5 29. h5 g4 30. Re5 Nc7 31. Qc5 Qf6 32.
R1e2 Nfe6 33. Qd6 Ng5 34. Qxf6 gxf6 35. Re7 Kf8 36. Rxf7+ Kxf7 37. Kg2 Ne4 38. c4 f5 39. c5 Nb5 40. b4 Nxd4 41. Rb2 Nb5 42. Ra2 d4 43.
Kf1 d3 44. Ke1 Kg7 45. c6 Kh6 46. Rd2 Nxd2 47. Kxd2 Kxh5 48. Kxd3 Kg5 49. Kc4 Nc7 50. b5 Na8 51. Kc5 f4 52. b6 Nxb6 53. Kxb6 fxg3 54. fxg3 1-0

[Event "Late-Titled-Tuesday-Blitz-March-12-2024"]
[Site "Chess.com"]
[Date "2024.03.12"]
[Round "9"]
[White "Bongcloudtransvestit"]
[Black "trriinu"]
[Result "0-1"]
[WhiteElo "2441"]
[BlackElo "2299"]
[TimeControl "180+1"]
[EndTime "15:42:38 PDT"]
[Termination "trriinu won on time"]

1. Nf3 g6 2. e4 Bg7 3. d3 d6 4.
Nc3 Nf6 5. Bg5 h6 6. Bh4 O-O 7. h3 c5 8. Qd2 Kh7 9. g4 Nc6 10. g5 Nh5 11. gxh6 Bxh6 12. Bg5 Bg7 13. Be3 b5 14.
Be2 Nf6 15. h4 b4 16. Nd1 Bg4 17. Rg1 Kg8 18. c3 Rb8 19. Bh6 bxc3 20. bxc3 Qd7 21. Bxg7 Kxg7 22. Ne3 Rh8 23. Nxg4 Nxg4 24. Qg5 Nf6 25. d4 Nxe4 26. Qe3 Nf6 27. Rd1 Qc7 28. d5 Ne5 29. Nxe5 dxe5 0-1

[Event "Late-Titled-Tuesday-Blitz-March-12-2024"]
[Site "Chess.com"]
[Date "2024.03.12"]
[Round "9"]
[White "DonBroca"]
[Black "Ready4abattle"]
[Result "0-1"]
[WhiteElo "2239"]
[BlackElo "2404"]
[TimeControl "180+1"]
[EndTime "15:42:38 PDT"]
[Termination "Ready4abattle won by resignation"]

1. e4 c5 2. Nf3 Nc6 3. d4 cxd4 4. Nxd4 e5 5. Nxc6 bxc6 6. Nc3 Nf6 7. Bd2 Rb8 8. b3 Bb4 9. Bd3 Qa5 10. Ne2 Ba6 11. a3 Bxd2+ 12. Qxd2 Qxd2+ 13. Kxd2 Bxd3 14. Kxd3 d5 15. exd5 cxd5 16. Rhd1 Ke7 17. Ng3 g6 18. Ke2 Rhc8 19.
Rd2 h5 20. h4 Ke6 21. Rad1 Rc3 22. Rb1 Rbc8 23. Kd1 d4 24. Ne2 R3c6 25. f3 Nd5 26. f4 Ne3+ 27. Ke1 Nxc2+ 28. Kf2 f6 29. a4 Ne3 30.
Kf3 Kd5 31. g3 Rc2 32. Rb2 Rxb2 33. Rxb2 e4+ 34. Kf2 Ng4+ 35. Ke1 d3 36. Ng1 e3 37. Rb1 Kd4 38. Nf3+ Ke4 39. Ng1 Nf2 40. b4 d2+ 41. Ke2 Rd8 42. Rd1 Nxd1 43. Kxd1 Kd3 44. Ne2 Rb8 45. b5 a6 46. Nc1+ dxc1=Q+ 47. Kxc1 e2 0-1

[Event "Late-Titled-Tuesday-Blitz-March-12-2024"]
[Site "Chess.com"]
[Date "2024.03.12"]
[Round "9"]
[White "bazar-wokzal"]
[Black "DryCounty"]
[Result "1-0"]
[WhiteElo "2582"]
[BlackElo "2650"]
[TimeControl "180+1"]
[EndTime "15:42:39 PDT"]
[Termination "bazar-wokzal won on time"]

1. e4 e5 2. Bc4 Nf6 3. d3 c6 4.
Nf3 d5 5. Bb3 Bb4+ 6. c3 Bd6 7.
Bg5 Be6 8. d4 Nbd7 9. dxe5 Nxe5 10. exd5 cxd5 11. Nxe5 Bxe5 12. Nd2 h6 13. Bh4 O-O 14.
Nf3 Qc7 15. Nxe5 Qxe5+ 16. Qe2 Qxe2+ 17. Kxe2 Ne4 18. f3 Nc5 19. Bc2 Rfe8 20. Kd2 d4 21. cxd4 Na6 22. a3 Nc7 23. Be4 Bd5 24. Bg3 Bxe4 25.
fxe4 Ne6 26. Ke3 Rad8 27. Rhd1 f5 28. e5 Nc7 29. Rac1 Nd5+ 30. Kf3 Kf7 31. Rc5 Ke6 32. h4 Rc8 33. Rdc1 Rxc5 34. dxc5 Rc8 35. b4 a6 36. h5 b6 37. Bf2 a5 38. cxb6 Rxc1 39.
b7 Rc3+ 40. Ke2 Nf4+ 41. Ke1 Rxa3 42. b8=Q Ra1+ 43. Kd2 Ra2+ 44. Kd1 1-0

[Event "Late-Titled-Tuesday-Blitz-March-12-2024"]
[Site "Chess.com"]
[Date "2024.03.12"]
[Round "9"]
[White "Willhaven3"]
[Black "ccccvhhhj"]
[Result "0-1"]
[WhiteElo "2620"]
[BlackElo "2491"]
[TimeControl "180+1"]
[EndTime "15:42:39 PDT"]
[Termination "ccccvhhhj won by checkmate"]

1. e4 e6 2. b3 d5 3. Bb2 dxe4 4.
Nc3 Nf6 5. Qe2 Nc6 6. Nxe4 Nd4 7.
Qd3 e5 8. O-O-O Be7 9. Nf3 Nxf3 10. Qxf3 O-O 11. Bd3 Kh8 12. h3 Bd6 13. Nxf6 Qxf6 14. Qxf6 gxf6 15. f4 Bd7 16. g4 Rae8 17. Rde1 Bc6 18.
Be4 Bxe4 19. Rxe4 Kg7 20. g5 Kg6 21. gxf6 exf4 22. Rxe8 Rxe8 23. Kd1 Be5 24. Re1 Kxf6 25. d4 Rg8 26. dxe5+ Kf5 27. Re2 Rg3 28. Rh2 Ke4 29. Ke2 Re3+ 30. Kf2 Rf3+ 31. Ke2 Re3+ 32. Kd2 Rg3 33.
Bc1 f3 34. c4 Rg2+ 35. Kc3 Rxh2 36. e6 fxe6 37. Bg5 f2 38. Bd2 f1=Q 39. Kb4 Qd3 40. Bc3 Qd6+ 41. c5 a5+ 42. Kb5 Qc6+ 43. Kc4 b5# 0-1

[Event "Late-Titled-Tuesday-Blitz-March-12-2024"]
[Site "Chess.com"]
[Date "2024.03.12"]
[Round "9"]
[White "ThaBarWa"]
[Black "matagordo"]
[Result "0-1"]
[WhiteElo "2350"]
[BlackElo "2302"]
[TimeControl "180+1"]
[EndTime "15:42:39 PDT"]
[Termination "matagordo won on time"]

1. e4 e6 2. Nf3 d5 3. e5 c5 4. b4 b6 5. c3 Nc6 6. a3 d4 7.
Bb5 Bd7 8. Qa4 Nge7 9. cxd4 Nxd4 10. Nxd4 cxd4 11. Bb2 Nf5 12. d3 Bxb5 13. Qxb5+ Qd7 14. Qxd7+ Kxd7 15. g4 Nh4 16. Nd2 f5 17. h3 h5 18. g5 Be7 19. Bxd4 Bxg5 20. Be3 f4 21. Bd4 Ng2+ 22. Ke2 Bh6 23. Rhg1 f3+ 24. Nxf3 Nf4+ 25. Kf1 Rhf8 26. Be3 Nxd3 27. Bxh6 gxh6 28. Ke2 Nf4+ 29. Ke3 Nd5+ 30. Ke2 Rac8 31. Rad1 Rc2+ 32. Rd2 Rxd2+ 33. Nxd2 Rf5 34. Nf3 Kc6 35. Rg6 Nf4+ 0-1

[Event "Late-Titled-Tuesday-Blitz-March-12-2024"]
[Site "Chess.com"]
[Date "2024.03.12"]
[Round "9"]
[White "jcmesafischer"]
[Black "shirovin"]
[Result "1-0"]
[WhiteElo "2367"]
[BlackElo "2051"]
[TimeControl "180+1"]
[EndTime "15:42:39 PDT"]
[Termination "jcmesafischer won on time"]

1. e4 d6 2. d4 Nf6 3. Nc3 e5 4. dxe5 dxe5 5. Qxd8+ Kxd8 6. Bc4 Be6 7. Bxe6 fxe6 8.
Nf3 Nbd7 9. Ng5 Ke7 10. f3 h6 11. Nh3 Kf7 12. Bd2 Bc5 13. Nf2 Rad8 14. Nd3 Bd4 15. O-O-O c6 16. Ne2 Bb6 17. Bc3 Bc7 18.
g4 b5 19. b3 a5 20. a3 a4 21. b4 Nh7 22. h4 Rhf8 23. Rhf1 g5 24. hxg5 hxg5 25.
Ng1 Kg6 26. Ne2 Rf7 27. Ng3 Rdf8 28. Ne1 Nb6 29. Rf2 Nc4 30. Bb2 Bb6 31. Re2 Rd8 32.
Rxd8 Bxd8 33. Nf1 Bb6 34. Nd2 Nxb2 35. Kxb2 Rd7 36. Kc1 Bd4 37. Nd3 Bc3 38. Nb1 Bd4 39.
c3 Bb6 40. Nxe5+ 1-0

[Event "Late-Titled-Tuesday-Blitz-March-12-2024"]
[Site "Chess.com"]
[Date "2024.03.12"]
[Round "9"]
[White "RianKapriaga"]
[Black "grandcoach"]
[Result "0-1"]
[WhiteElo "2275"]
[BlackElo "2212"]
[TimeControl "180+1"]
[EndTime "15:42:41 PDT"]
[Termination "grandcoach won on time"]

1. d4 Nf6 2. Nf3 d5 3. Bf4 c5 4. e3 Nc6 5. Nbd2 g6 6. h3 Bg7 7. c3 O-O 8. Bb5 Qb6 9. Bxc6 bxc6 10. Qb3 Ba6 11. Qxb6 axb6 12. Be5 Bh6 13. Bxf6 exf6 14. Kd1 Rfe8 15. Kc2 Bc8 16. g4 Ba6 17. Rhe1 Bb5 18. b3 Ra3 19. Nb1 Ra7 20. a4 Ba6 21. Nbd2 cxd4 22.
cxd4 Bf8 23. Rec1 Bb4 24. Ne1 Bd6 25. Nd3 c5 26. dxc5 bxc5 27. Nf3 Rc8 28. Rab1 Rb7 29. Kd2 Kg7 30. Rb2 h6 31. Rbb1 Rbc7 32. Rc2 Rb8 33. Rcc1 Bc8 34. Rc3 f5 35. Rbc1 fxg4 36. hxg4 Bxg4 37.
Nfe5 Bf5 38. f4 f6 39. Nf3 g5 0-1

[Event "Late-Titled-Tuesday-Blitz-March-12-2024"]
[Site "Chess.com"]
[Date "2024.03.12"]
[Round "9"]
[White "Bauman_Guy"]
[Black "SpeedofLight0"]
[Result "1-0"]
[WhiteElo "2936"]
[BlackElo "3071"]
[TimeControl "180+1"]
[EndTime "15:42:42 PDT"]
[Termination "Bauman_Guy won on time"]

1. e4 Nc6 2. d4 d5 3. e5 Bf5 4. c3 e6 5. Bd3 Nge7 6. Ne2 h5 7. O-O h4 8. Bg5 Qd7 9. Bxe7 Nxe7 10. Qc2 h3 11. g3 g5 12. Nd2 Ng6 13. Bxf5 exf5 14. f4 gxf4 15. Nxf4 Nxf4 16. Rxf4 Bh6 17. Rf3 O-O-O 18.
Nb3 f4 19. Nc5 Qg4 20. Raf1 Rhg8 21. Qa4 a6 22. Nxa6 fxg3 23. hxg3 Qd7 24. Qxd7+ Rxd7 25. Nc5 Re7 26. Kh2 b6 27. Nd3 Rg7 28. Kxh3 Kb7 29. Nf4 Rd7 30. Nh5 Rg5 31. g4 Kc6 32. Rxf7 Rxf7 33. Rxf7 Kb5 34. Rxc7 Rg6 35. b3 Ka6 36.
Nf6 Be3 37. Nxd5 Bd2 38. a4 b5 39. axb5+ Kxb5 40. Rc5+ Ka6 41. Kg3 Rh6 42. b4 Kb7 43. b5 Bg5 44. Kf3 Rh2 45. Rc7+ Kb8 46. b6 Rh1 47.
Rg7 Bh6 48. Rh7 1-0

[Event "Late-Titled-Tuesday-Blitz-March-12-2024"]
[Site "Chess.com"]
[Date "2024.03.12"]
[Round "9"]
[White "ExtremeLearner"]
[Black "KyronGriffith"]
[Result "1-0"]
[WhiteElo "2588"]
[BlackElo "2678"]
[TimeControl "180+1"]
[EndTime "15:42:48 PDT"]
[Termination "ExtremeLearner won by resignation"]

1. d4 Nf6 2. c4 e6 3. Nc3 Bb4 4. e3 d5 5. a3 Bxc3+ 6. bxc3 O-O 7. cxd5 exd5 8. Bd3 c5 9. Ne2 b6 10. O-O Ba6 11.
f3 Bxd3 12. Qxd3 Nc6 13. Ng3 Re8 14. Bb2 Na5 15. Rae1 Qd7 16. e4 cxd4 17. cxd4 Qa4 18. e5 Nd7 19. Nf5 Nf8 20. Nd6 Re7 21. f4 Rc7 22. Rc1 Nc4 23. Nxc4 Rxc4 24. Rxc4 dxc4 25. Qc3 Qc6 26. f5 Qd5 27. Rf4 b5 28. Qg3 Rc8 29. Bc3 Nd7 30. f6 g6 31. Qh4 h5 32. Qg5 Kh7 33. Rh4 Nxf6 34. Qxf6 Rc7 35. Qd6 Qb7 36. d5 Rd7 37. Qc6 Qxc6 38. dxc6 Rc7 39. Rd4 Rxc6 40. Rd7 Kg8 41. Rd8+ Kh7 42. e6 1-0

[Event "Late-Titled-Tuesday-Blitz-March-12-2024"]
[Site "Chess.com"]
[Date "2024.03.12"]
[Round "9"]
[White "Slovak_fighter2000"]
[Black "Eloist"]
[Result "0-1"]
[WhiteElo "2611"]
[BlackElo "2488"]
[TimeControl "180+1"]
[EndTime "15:42:49 PDT"]
[Termination "Eloist won by checkmate"]

1. c4 e5 2. Nc3 Nf6 3. Nf3 Nc6 4. e3 Bb4 5. Qc2 d6 6. Nd5 Bc5 7. a3 Bb6 8. b4 Nxd5 9. cxd5 Ne7 10. Bc4 O-O 11.
d3 Bg4 12. Nd2 c6 13. dxc6 bxc6 14. h3 Bh5 15. Bb2 a5 16. g4 Bg6 17. Bb3 axb4 18. axb4 Rxa1+ 19. Bxa1 c5 20. bxc5 Qa8 21. O-O Bxc5 22.
Ne4 Rc8 23. Qe2 Bxe4 24. dxe4 Qxe4 25. Bc2 Qc6 26. Bd3 Ng6 27. Bxg6 hxg6 28. Rd1 Qe4 29. Kh2 d5 30. f3 Qxe3 31. Qxe3 Bxe3 32. Bxe5 d4 33. Rd3 Rc4 34. Kg2 f6 35. Bg3 Rc2+ 36.
Kf1 g5 37. Ra3 Kf7 38. Ra7+ Ke6 39. Ra3 Kd5 40. h4 gxh4 41. Bxh4 Kc4 42. Be1 Rc1 43. Ke2 d3+ 44. Rxd3 Rxe1+ 45. Kxe1 Kxd3 46. Kf1 Bd4 47. Kg2 Ke2 48. Kg3 g5 49. f4 Ke3 50. fxg5 fxg5 51. Kg2 Kf4 52. Kh3 Kf3 53. Kh2 Kxg4 54. Kg2 Kf4 55. Kh1 g4 56. Kg2 Be3 57. Kh1 Kf3 58. Kh2 g3+ 59. Kh3 g2 60. Kh4 g1=Q 61. Kh5 Qg5# 0-1

[Event "Late-Titled-Tuesday-Blitz-March-12-2024"]
[Site "Chess.com"]
[Date "2024.03.12"]
[Round "9"]
[White "N_Mullodzhanov"]
[Black "emeli_chess"]
[Result "1-0"]
[WhiteElo "2522"]
[BlackElo "2391"]
[TimeControl "180+1"]
[EndTime "15:42:50 PDT"]
[Termination "N_Mullodzhanov won by checkmate"]

1. e4 e5 2. Nf3 Nc6 3. Bc4 Nf6 4.
d3 Be7 5. O-O O-O 6. Nc3 d6 7.
h3 Be6 8. Nd5 Bxd5 9. exd5 Nd4 10. Nxd4 exd4 11. Re1 Nd7 12. Qg4 Bf6 13. f4 a6 14. a4 g6 15. Kh2 Bg7 16. Bd2 f5 17. Qf3 Re8 18. b4 Nf8 19. b5 a5 20. b6 cxb6 21. Bb5 Rxe1 22. Rxe1 Qh4 23. g3 Qf6 24. g4 Rc8 25. g5 Qf7 26. Bc4 b5 27. axb5 b6 28. h4 Re8 29. Re2 Nd7 30. h5 gxh5 31. Kh3 h6 32. Re6 Nf8 33. gxh6 Nxe6 34. dxe6 Qe7 35.
hxg7 Kxg7 36. Qg3+ Kh6 37. Qg5+ Qxg5 38. fxg5+ Kg6 39.
Kh4 Re7 40. Bd5 a4 41. Bb4 Rc7 42. Bxd6 Rxc2 43. e7 Re2 44. Be4 fxe4 45. e8=Q+ Kf5 46.
Qf7# 1-0

[Event "Late-Titled-Tuesday-Blitz-March-12-2024"]
[Site "Chess.com"]
[Date "2024.03.12"]
[Round "9"]
[White "Roedor"]
[Black "IranianCheetah"]
[Result "1/2-1/2"]
[WhiteElo "2277"]
[BlackElo "2368"]
[TimeControl "180+1"]
[EndTime "15:42:50 PDT"]
[Termination "Game drawn - insufficient material"]

1. c4 e5 2. g3 g6 3. Bg2 Bg7 4. Nc3 Nc6 5. d3 Nge7 6. e3 O-O 7. Nge2 d6 8. O-O Bg4 9. h3 Bxe2 10. Qxe2 f5 11. Nd5 Nxd5 12. Bxd5+ Kh8 13. f4 exf4 14. gxf4 Rb8 15. Rb1 Nb4 16. Bd2 Nxd5 17. cxd5 c5 18. Bc3 b5 19. e4 Re8 20. Rbe1 Qh4 21.
Kg2 c4 22. Bxg7+ Kxg7 23. e5 dxe5 24. fxe5 Qd4 25. d6 cxd3 26. Qe3 Qxb2+ 27. Rf2 Qc3 28. e6 Qc6+ 29. Qf3 Qxd6 30. Rd1 Rbd8 31. Rfd2 Qxe6 32. Rxd3 Rxd3 33. Rxd3 Qe2+ 34. Kg3 Qxf3+ 35. Kxf3 Re7 36. h4 a5 37. Rd5 Rb7 38. Kf4 h6 39. h5 gxh5 40.
Kxf5 h4 41. Kg4 Kf6 42. Rh5 Ke6 43. Kxh4 Kd6 44. Kg4 Kc6 45. Kf4 Re7 46. a4 bxa4 47. Rxa5 Rh7 48. Rxa4 Kb5 49. Ra1 Kc5 50. Kg4 Kd5 51. Kh5 Ke5 52. Kg6 Rh8 53. Rh1 h5 54.
Rxh5+ Rxh5 55. Kxh5 1/2-1/2

[Event "Late-Titled-Tuesday-Blitz-March-12-2024"]
[Site "Chess.com"]
[Date "2024.03.12"]
[Round "9"]
[White "Yeritsyaan"]
[Black "Zhigalko_Sergei"]
[Result "0-1"]
[WhiteElo "2645"]
[BlackElo "2859"]
[TimeControl "180+1"]
[EndTime "15:42:51 PDT"]
[Termination "Zhigalko_Sergei won by resignation"]

1. d4 Nf6 2. c4 e6 3. Nf3 b6 4. e3 Bb7 5. Nc3 d5 6. Bd3 Bd6 7. O-O O-O 8. cxd5 exd5 9. b3 Nbd7 10. Bb2 a6 11. Rc1 Qe7 12. Ne2 Ne4 13. Ng3 g6 14. Bxe4 dxe4 15. Nd2 b5 16. Qc2 Rae8 17. Rfd1 h5 18.
Ndf1 h4 19. Ne2 h3 20. gxh3 Bd5 21. Nc3 Nb6 22. Qe2 f5 23. Nxd5 Nxd5 24. a4 Qd7 25. axb5 axb5 26. Rc5 c6 27. Rdc1 Bxc5 28. dxc5 Rf7 29.
Qd2 f4 30. exf4 Qxh3 31. Be5 Qg4+ 32. Ng3 Nxf4 33. Bxf4 Qxf4 34. Qc3 Qxf2+ 35. Kh1 Qf3+ 36. Qxf3 exf3 37. Kg1 f2+ 38. Kf1 Re3 39. b4 Rb3 40.
Ne4 Rxb4 41. Nd6 Rff4 42. Nc8 Kf8 43. Na7 Rbc4 44. Rd1 Rxc5 45. Nc8 Re5 46. Nd6 0-1